Map: Gresvan LE

Players

Gerald

  • Race: Protoss Protoss
  • Spawn Location: 5:00

Fjant - Winner!

  • Race: Zerg Zerg
  • Spawn Location: 11:00

Event: ESL SC2 Masters 2023 Summer (Finals)

VOD

Have the link to the VOD?

Description

Time

  • Played on: June 16, 2023, 12:44 p.m.
  • Length: 4:20

All games in this series

Show
View Real Time Build Order
Export as new Build Order

Gerald Protoss 

Build Orders:  

Get SALT Encoding   

  12  0:00  Probe  
  13  0:12  Probe  
  14  0:20  Pylon  
  14  0:24  Probe  
  15  0:38  Probe (Chrono Boost)  
  15  0:42  Gateway  
  16  0:47  Probe (Chrono Boost)  
  17  0:52  Assimilator  
  17  0:57  Probe  
  18  1:09  Probe  
  19  1:21  Probe  
  19  1:22  Gateway  
  20  1:28  Zealot (Chrono Boost)  
  20  1:29  Cybernetics Core  
  22  1:33  Probe  
  22  1:37  Pylon  
  23  1:56  Probe  
  23  1:59  Zealot (Chrono Boost)  
  26  2:11  Stalker (Chrono Boost)  
  30  2:25  Stalker (Chrono Boost)  
  30  2:27  Nexus  
  29  2:34  Shield Battery  
  27  2:42  Pylon  
  29  2:52  Shield Battery  
  29  2:57  Pylon  
  27  3:06  Adept (Chrono Boost)  
  27  3:12  Gateway  
  27  3:13  Shield Battery  
  25  3:24  Probe  
  26  3:27  Shield Battery, Assimilator  
  26  3:36  Probe  
  25  3:53  Cybernetics Core  
  25  3:54  Probe  
Show
View Real Time Build Order
Export as new Build Order

Fjant Zerg - Winner!

Build Orders: Hatch First 

Get SALT Encoding   

  12  0:00  Drone  
  13  0:08  Drone  
  14  0:38  Hatchery  
  13  0:53  Spawning Pool  
  13  0:55  Drone  
  13  0:59  Drone  
  14  1:04  Extractor  
  14  1:06  Drone  
  15  1:13  Overlord  
  15  1:39  Zergling x6  
  18  1:50  Queen, Spine Crawler, Zergling x2  
  21  2:01  Zergling x4  
  21  2:07  Spine Crawler  
  21  2:11  Drone  
  23  2:18  Spine Crawler  
  23  2:21  Zergling x2  
  22  2:23  Zergling x6  
  24  2:33  Spine Crawler  
  24  2:36  Zergling x2  
  24  2:37  Zergling x2  
  25  2:47  Zergling x4  
  26  2:54  Zergling x2  
  27  2:58  Zergling x2  
  27  3:05  Zergling x2  
  27  3:13  Zergling x2  
  27  3:16  Zergling x2  
  27  3:32  Zergling x2  
  27  3:38  Zergling x2  
  27  3:39  Zergling x2  
  26  3:47  Zergling x4  
  26  3:49  Overlord  
  27  3:58  Zergling x2  
Tags
 
Add a new tag
Caveats
  • Supply blocks, unpowered buildings, or Contaminate may cause inaccurate times.
  • Supply counts are checked every 10 seconds.